 Dungeon Crawl Stone Soup version 0.30-a0-639-g3916f1956a (webtiles) character file.

Game seed: 10457071296482939041

121 Persephone the Cudgeller (level 5, -2/32 HPs)
             Began as a Gargoyle Fighter on Jan 16, 2023.
             Constricted to death by Grinder (6 damage)
             ... while paralysed by Grinder
             ... on level 3 of the Dungeon.
             The game lasted 00:04:49 (1709 turns).

Persephone the Cudgeller (Gargoyle Fighter)         Turns: 1709, Time: 00:04:49

Health: -2/32      AC: 16    Str: 22    XL:     5   Next: 5%
Magic:  5/5        EV: -1    Int:  8    God:
Gold:   172        SH:  0    Dex: 15    Spells: 4/4 levels left

rFire   . . .      SeeInvis .    a - +0 flail
rCold   . . .      Faith    .    c - +0 buckler
rNeg    + . .      Spirit   .    b - +1 scale mail
rPois   ∞          Reflect  +    p - +0 helmet
rElec   +          Harm     .    (no cloak)
rCorr   .          Rampage  .    (no gloves)
Will    .....                    e - +2 pair of boots Stlth
                                 u - amulet of reflection
HPRegen 0.25/turn                h - +6 ring of dexterity
MPRegen 0.09/turn                (no ring)

@: paralysed, mighty, grasped by roots, constricted
A: sickness immunity, AC +4, negative energy resistance 1, electricity
resistance, torment resistance 1, petrification resistance
a: no special abilities


You were on level 3 of the Dungeon.
You visited 1 branch of the dungeon, and saw 4 of its levels.

You collected 172 gold pieces.

Inventory:

Hand Weapons
 a - a +0 flail (weapon)
Armour
 b - a +1 scale mail (worn)
 c - a +0 buckler (worn)
 e - a +2 pair of boots (worn)
 p - a +0 helmet (worn)
Jewellery
 h - a +6 ring of dexterity (left hand)
 u - an amulet of reflection (around neck)
Wands
 r - a wand of flame (15)
Scrolls
 k - a scroll of enchant armour
 n - 2 scrolls of identify
 o - a scroll of torment {unknown}
 q - 2 scrolls of vulnerability {unknown}
 s - 2 scrolls of amnesia {unknown}
 t - a scroll of butterflies {unknown}
Potions
 d - 2 potions of might
 f - 2 potions of degeneration
 g - a potion of haste {unknown}
 i - a potion of ambrosia {unknown}
 j - 2 potions of heal wounds
 l - a potion of attraction {unknown}
 m - 2 potions of curing {unknown}


   Skills:
 - Level 3.2 Fighting
 + Level 5.0 Maces & Flails
 - Level 3.2 Armour
 - Level 3.2 Shields


You had 4 spell levels left.
You didn't know any spells.
Your spell library contained the following spells:

 Spells                   Type           Power      Damage    Failure   Level
 Dispel Undead            Necr           0%         3d6       100%        4
 Summon Ice Beast         Ice/Summ       0%         N/A       100%        4
 Summon Mana Viper        Hex/Summ       0%         N/A       100%        5
 Death Channel            Necr           0%         N/A       100%        6
 Monstrous Menagerie      Summ           0%         N/A       100%        7
 Cigotuvi's Dreadful Rot  Necr/Pois/Air  Unusable   N/A       N/A         2

Dungeon Overview and Level Annotations

Branches:
Dungeon (4/15)
 Temple: D:4-7

Altars:
Ashenzari
Kikubaaqudgha

Annotations:
D:3 Grinder


Innate Abilities, Weirdness & Mutations

You are immune to sickness and miasma.
Your stone body is resilient. (AC +4)
You are immune to poison.
You resist negative energy. (rN+)
You are resistant to electric shocks. (rElec)
You are resistant to unholy torment.
You are immune to petrification.


Message History

* * * LOW HITPOINT WARNING * * *
Grinder zaps a wand.
The roots erupt in riotous growth!
The frilled lizard is unaffected.
The grasping roots grab you! The grasping roots constrict you.
* * * LOW HITPOINT WARNING * * *
You escape the roots grasp.
You sock the frilled lizard!
You kill the frilled lizard!
It was a potion of heal wounds.
You feel much better.
You bludgeon Grinder!!
Grinder is severely wounded.
Grinder blinks!
Grinder says, "What is the universe for?"
Grinder gestures at you. Pain shoots through your body!
Grinder gestures at you. You resist with significant effort.
You hit Grinder.
Grinder is severely wounded.
Grinder hits you but does no damage.
You sock Grinder!
Grinder is almost dead.
Grinder closely misses you.
You closely miss Grinder.
Grinder is almost dead.
Grinder zaps a wand.
The roots erupt in riotous growth!
The grasping roots grab you!
Grinder is unaffected.
The grasping roots constrict you!
You barely miss Grinder.
Grinder is almost dead.
Grinder hits you.
You writhe in agony.
The grasping roots constrict you. Grinder gestures at you.
You suddenly lose the ability to move!
The grasping roots constrict you.
* * * LOW HITPOINT WARNING * * *
Grinder gestures at you. Pain shoots through your body!
* * * LOW HITPOINT WARNING * * *
The grasping roots constrict you.
You die...

#.# #'###..# #. #.#
........... ##'####
........... #.....+
...........
#....##............
#######......:..........#
.......................+
.#.#####.#........
#....5@.#........
#.#...#.#....####
#._.#.#....# #...#.#....#
.......#....#
#.#####.#...## ... ....
##. ###.. # ...


You could see Grinder.

Vanquished Creatures
  A gnoll (D:1)
  5 adders
  A worm (D:2)
  7 orcs (D:3)
  3 bats
  4 endoplasms
  4 giant cockroaches
  A goblin (D:2)
  3 hobgoblins (D:2)
  2 quokkas (D:1)
  5 ball pythons
  14 frilled lizards
  7 kobolds
  A rat (D:2)
58 creatures vanquished.

Vanquished Creatures (others)
  7 plants (D:3)
7 creatures vanquished.

Grand Total: 65 creatures vanquished

Notes
Turn   | Place    | Note
-------+----------+-------------------------------------------
     0 | D:1      | Persephone the Gargoyle Fighter began the quest for the
                  | Orb.
     0 | D:1      | Reached XP level 1. HP: 14/14 MP: 1/1
   135 | D:1      | Reached skill level 3 in Maces & Flails
   135 | D:1      | Reached XP level 2. HP: 19/19 MP: 2/2
   402 | D:1      | Reached XP level 3. HP: 23/23 MP: 3/3
   434 | D:1      | Found a faded altar of an unknown god.
   725 | D:2      | Reached skill level 4 in Maces & Flails
   754 | D:2      | Reached XP level 4. HP: 28/28 MP: 4/4
  1029 | D:3      | You fall into a shaft and drop 1 floor!
  1599 | D:3      | Reached skill level 5 in Maces & Flails
  1606 | D:3      | Reached XP level 5. HP: 26/32 MP: 5/5
  1649 | D:3      | Found a broken altar of Ashenzari.
  1682 | D:3      | Found an ancient bone altar of Kikubaaqudgha.
  1682 | D:3      | Noticed Grinder
  1708 | D:3      | Paralysed by Grinder for 5 turns
  1709 | D:3      | Constricted to death by Grinder

Illustrated notes

Levels and vault maps discovered:
D:1:      scummos_arrival_simple_fountains, layout_rooms, serial_glass,
          glass_columns_c, glass_columns_c, basic_ecumenical_altar,
          due_unseen_surprise
D:2:      layout_rooms
D:3:      minmay_angry_zag, layout_basic, mainiacjoe_overflow_alcove_2,
          mainiacjoe_overflow_cross_hatched, minmay_lizard_king, uniq_grinder
D:4:      layout_basic, slow_altar_1

Skill      XL: |  1  2  3  4 |
---------------+-------------+-----
Maces & Flails | 3 4 5 |  5.0
Fighting       | |  3.2
Armour         | |  3.2
Shields        | |  3.2

Action                   |  1- 3 |  4- 6 || total
-------------------------+-------+-------++-------
Melee: Flail             |   100 |    91 ||   191
  Use: Scroll            |     4 |       ||     4
       Potion            |       |     2 ||     2
Armor: Scale mail        |    66 |    66 ||   132
Dodge: Dodged            |    60 |    35 ||    95
Block: Buckler           |    22 |    22 ||    44

Table legend: (Time is in decaauts)
 A = Elapsed time spent in this place.
 B = Non-inter-level travel time spent in this place.
 C = Inter-level travel time spent in this place.
 D = Time resting spent in this place.
 E = Time spent auto-exploring this place.
 F = Levels seen in this place.
 G = Mean time per level.
                   A        B        C        D        E       F      G
               +--------+--------+--------+--------+--------+-----+--------+
         Total |   1753 |   1690 |     63 |      0 |   1217 |   4 |  438.2 |
       Dungeon |   1753 |   1690 |     63 |      0 |   1217 |   4 |  438.2 |
               +--------+--------+--------+--------+--------+-----+--------+

Top non-repeatable levels by time:
     D:3: 645 daAuts
     D:2: 542 daAuts
     D:1: 516 daAuts
     D:4: 50 daAuts
